 Dungeon Crawl Stone Soup version 0.31.0-11-ge490571c62 (webtiles) character file.

Game seed: 18125493894365323793

791 qw the Shooter (level 7, -12/35 HPs)
             Began as a Spriggan Hunter on Feb 4, 2024.
             Was an Initiate of Okawaru.
             Mangled by a sleepcap (18 damage)
             ... on level 5 of the Dungeon.
             The game lasted 00:00:14 (3273 turns).

qw the Shooter (Spriggan Hunter)                    Turns: 3273, Time: 00:00:15

Health: -12/35     AC:  2    Str:  7    XL:     7   Next: 57%
Magic:  8/8        EV:  4    Int: 10    God:    Okawaru [......]
Gold:   269        SH:  0    Dex: 21    Spells: 6/6 levels left

rFire   . . .        b - +0 orcbow
rCold   . . .        (shield currently unavailable)
rNeg    + . .        c - +0 robe
rPois   .            (helmet restricted)
rElec   .            (no cloak)
rCorr   .            (gloves unavailable)
SInv    +            (boots unavailable)
Will    +....        (no amulet)
Stlth   ++           f - ring of positive energy
HPRegen 0.25/turn    (no ring)
MPRegen 0.11/turn

%: no passive effects
@: sleeping, very quick
A: very small, no large weapons, unfitting armour, see invisible, speed 3
a: Renounce Religion


You were on level 5 of the Dungeon.
You worshipped Okawaru.
Okawaru was noncommittal.
You visited 2 branches of the dungeon, and saw 6 of its levels.

You collected 269 gold pieces.


Innate Abilities, Weirdness & Mutations

You are very small and have problems with some larger weapons.
You are too small for most types of armour.
You have supernaturally acute eyesight. (SInv)
You cover ground extremely quickly. (Speed+++)


   Skills:
 - Level 2.2 Fighting
 + Level 7.5 Ranged Weapons
 - Level 7.3 Dodging
 - Level 1.5 Stealth


You had 6 spell levels left.
You didn't know any spells.
Your spell library was empty.

Inventory:

Hand Weapons
 b - a +0 orcbow (weapon)
Armour
 c - a +0 robe (worn)
Jewellery
 f - a ring of positive energy (left hand)
Potions
 a - a potion of curing
 h - a potion of heal wounds {unknown}
 j - a potion of berserk rage {unknown}

Dungeon Overview and Level Annotations

Branches:
Dungeon (5/15)             Temple (1/1) D:4

Altars:
Ashenzari
Cheibriados
Fedhas
Gozag
Hepliaklqana
Nemelex Xobeh
Okawaru
Wu Jian
Xom
Yredelemnul
The Shining One

Shops:
D:4 :


Message History

You shoot an arrow. The arrow hits the sleepcap.
The sleepcap is lightly damaged.
The sleepcap completely misses you.
You shoot an arrow. The arrow barely misses the orc priest.
The arrow hits the orc!
You kill the orc!
Okawaru accepts your kill. The sleepcap completely misses you.
The orc priest hits you but does no damage.
You shoot an arrow.
The arrow closely misses the orc priest.
The sleepcap closely misses you.
The orc priest completely misses you. x2
The sleepcap releases spores at you!
You shoot an arrow. The arrow barely misses the orc priest.
The sleepcap releases spores at you.
The orc priest hits you but does no damage.
You shoot an arrow. The arrow hits the orc priest!
The orc priest is severely wounded.
The orc priest mumbles some strange prayers to Beogh against you.
You resist with significant effort. The sleepcap misses you.
You shoot an arrow. The arrow hits the orc priest.
You kill the orc priest!
Okawaru accepts your kill. The sleepcap misses you.
You shoot an arrow.
The arrow completely misses the sleepcap.
The sleepcap completely misses you.
You shoot an arrow.
The arrow completely misses the sleepcap.
The sleepcap releases spores at you but does no damage.
You shoot an arrow.
The arrow completely misses the sleepcap.
The sleepcap releases spores at you.
You shoot an arrow.
The arrow completely misses the sleepcap.
The sleepcap releases spores at you!
You are engulfed in a cloud of soporific spores!
You fall asleep.
The sleepcap releases spores at you!!
Ouch! That really hurt!
You die...

# # ##. .## #...
...#
.....#####.....
..8...f@))..8..
.....##'##.....
#.. ###.## ..##..
#####.#.#.#####..
#......#....... .
##............
..###.......|....#
#..........#.....#
#..........#.....#


You could see a sleepcap.

Vanquished Creatures
  A centaur (D:4)
  A phantom (D:5)
  A scorpion (D:4)
  5 wights (D:4)
  A bombardier beetle (D:3)
  An orc priest (D:5)
  An iguana (D:4)
  A sleepcap (D:4)
  2 gnolls (D:2)
  10 adders
  A white imp (D:4)
  3 dart slugs
  An orc (D:5)
  7 ball pythons
  7 bats
  5 endoplasms
  5 giant cockroaches
  7 hobgoblins
  8 jackals
  6 kobolds
  6 quokkas
  2 frilled lizards
  6 goblins
  6 rats
94 creatures vanquished.

Notes
Turn   | Place    | Note
-------+----------+-------------------------------------------
     0 | D:1      | qw the Spriggan Hunter began the quest for the Orb.
     0 | D:1      | Reached XP level 1. HP: 10/10 MP: 2/2
     0 | D:1      | 0 ||| qw: Version: 0.3-a-160-g6735b56
     0 | D:1      | 0 ||| qw: Game counter: 4528
     0 | D:1      | 0 ||| qw: Melee chars always use a shield: true
     0 | D:1      | 0 ||| qw: God list: Okawaru
     0 | D:1      | 0 ||| qw: Allow faded altars: false
     0 | D:1      | 0 ||| qw: Do Orc after clearing Dungeon:15 true
     0 | D:1      | 0 ||| qw: Do second Lair branch before Depths: true
     0 | D:1      | 0 ||| qw: Lair rune preference: random
     0 | D:1      | 0 ||| qw: Goals: Normal
     0 | D:1      | 0 ||| PLANNING D:1-11
    16 | D:1      | Reached skill level 3 in Dodging
    63 | D:1      | Reached XP level 2. HP: 14/14 MP: 3/3
   194 | D:1      | You fall into a shaft and drop 1 floor!
   220 | D:2      | Reached XP level 3. HP: 18/18 MP: 4/4
   238 | D:2      | 238 ||| UPGRADING to ring of positive energy.
   239 | D:2      | 239 ||| READING scroll labelled VOICRI MEFIEF.
   239 | D:2      | 239 ||| BRANDING +0 shortbow.
   240 | D:2      | 240 ||| READING scroll labelled TEGGIL YZUO.
   241 | D:2      | 241 ||| DROPPING scroll of butterflies.
   759 | D:2      | Found a shimmering altar of Xom.
   789 | D:2      | Reached XP level 4. HP: 22/22 MP: 5/5
  1402 | D:2      | 1402 ||| READING scroll labelled YMURI UMED.
  1403 | D:2      | 1403 ||| READING scroll labelled UCHEDIOFROA.
  1404 | D:2      | 1404 ||| READING scroll labelled BUPHYTZ VUIGOROA.
  1404 | D:2      | 1404 ||| ENCHANTING +0 heavy shortbow.
  1405 | D:2      | 1405 ||| DRINKING 2 fuming inky potions.
  1406 | D:2      | 1406 ||| DROPPING potion of brilliance.
  1541 | D:3      | Reached XP level 5. HP: 26/26 MP: 6/6
  2030 | D:3      | 2030 ||| DROPPING +6 ring of intelligence.
  2031 | D:3      | 2031 ||| READING 2 scrolls of identify.
  2031 | D:3      | 2031 ||| IDENTIFYING sapphire potion
  2032 | D:3      | 2032 ||| READING scroll of identify.
  2032 | D:3      | 2032 ||| IDENTIFYING inky potion
  2033 | D:3      | 2033 ||| READING scroll labelled BOM ZAUTEASOAHOOM.
  2038 | D:3      | 2038 ||| DROPPING potion of degeneration.
  2039 | D:3      | 2039 ||| DROPPING potion of invisibility.
  2064 | D:4      | Found a hazy altar of Hepliaklqana.
  2084 | D:4      | 2084 ||| SWAPPING to +0 orcbow.
  2085 | D:4      | 2085 ||| DROPPING +0 heavy shortbow.
  2123 | D:4      | Noticed a centaur
  2124 | D:4      | HP: 3/26 [centaur/arrow (13)]
  2125 | D:4      | 2125 ||| FLEEEEING.
  2126 | D:4      | 2126 ||| FLEEEEING.
  2127 | D:4      | 2127 ||| FLEEEEING.
  2128 | D:4      | 2128 ||| FLEEEEING.
  2129 | D:4      | 2129 ||| FLEEEEING.
  2130 | D:4      | 2130 ||| STAIRDANCE
  2220 | D:3      | 2220 ||| READING scroll labelled CIL ONIEXAIWAZ.
  2343 | D:4      | Killed a centaur
  2344 | D:4      | Reached skill level 6 in Ranged Weapons
  2347 | D:4      | 2347 ||| FLEEEEING.
  2348 | D:4      | 2348 ||| FLEEEEING.
  2353 | D:4      | 2353 ||| FLEEEEING.
  2354 | D:4      | 2354 ||| FLEEEEING.
  2419 | D:4      | 2419 ||| RETREEEEATING.
  2423 | D:4      | Reached XP level 6. HP: 23/30 MP: 7/7
  2427 | D:4      | Reached skill level 6 in Dodging
  2522 | D:4      | Found Vialugg's Book Emporium.
  2653 | D:4      | 2653 ||| RETREEEEATING.
  2664 | D:4      | Reached XP level 7. HP: 18/35 MP: 8/8
  2756 | D:4      | Found a staircase to the Ecumenical Temple.
  2757 | D:4      | 2757 ||| PLANNING TEMPLE
  2757 | D:4      | 2757 ||| READING scroll labelled RIARIETTONN.
  2858 | D:4      | 2858 ||| DRINKING 2 fizzy green potions.
  2864 | Temple   | Entered the Ecumenical Temple
  2865 | Temple   | 2865 ||| PLANNING OKAWARU WORSHIP
  2895 | Temple   | Became a worshipper of Warmaster Okawaru
  2896 | Temple   | 2896 ||| PLANNING D:1-11
  3212 | D:5      | Entered Level 5 of the Dungeon
  3215 | D:5      | 3215 ||| STAIRDANCE
  3273 | D:5      | HP: 6/35 [sleepcap (8)]
  3273 | D:5      | Mangled by a sleepcap

Levels and vault maps discovered:
D:1:      minmay_arrival_stair_chambers, layout_loops_ring
D:2:      wad_woods_stonehenge, layout_basic, minmay_pentomino_z4
D:3:      layout_loops_ring
D:4:      minmay_general_purpose_star, layout_rooms, lemuel_crystal_altar,
          minmay_temple_entry_fiery, serial_shops, nicolae_book_shop_shelving,
          minmay_small_thing
D:5:      minmay_octagon_keep, layout_cave_pools, palyth_temple_overflow_mages,
          tgw_trog, chequers_temple_overflow_minitemple, uniq_pikel,
          uniq_blork_the_orc, uniq_ijyb, uniq_menkaure
Temple:   cyrus_temple_forest

Skill      XL: |  1  2  3  4  5  6  7 |
---------------+----------------------+-----
Dodging        | 3 4 5 6 7 |  7.3
Ranged Weapons | 5 6 7 |  7.5
Fighting       | 2 |  2.2
Stealth        | |  1.5

Action                     |  1- 3 |  4- 6 |  7- 9 || total
---------------------------+-------+-------+-------++-------
   Fire: Shortbow          |    84 |    54 |       ||   138
         Orcbow            |       |    53 |    43 ||    96
    Use: Scroll            |     2 |     7 |     1 ||    10
         Potion            |       |     1 |     1 ||     2
 Armour: Robe              |    13 |    12 |    13 ||    38
  Dodge: Dodged            |    49 |    46 |    21 ||   116

Table legend:
 A = Non-vault XP
 B = Vault XP
 C = Vault XP percentage of total XP
 D = Non-vault monster count
 E = Vault monster count
 F = Vault count percentage of total count
                 A         B        C        D         E       F
            +---------+---------+-------+---------+---------+-------
      Total |     888 |     243 |  21.5 |      80 |      14 |  14.9
            +---------+---------+-------+---------+---------+-------
        D:1 |      46 |       0 |   0.0 |      27 |       0 |   0.0
        D:2 |      49 |      42 |  46.2 |      15 |       9 |  37.5
        D:3 |      98 |       0 |   0.0 |      18 |       0 |   0.0
        D:4 |     592 |     157 |  21.0 |      19 |       3 |  13.6
        D:5 |     103 |      44 |  29.9 |       1 |       2 |  66.7
            +---------+---------+-------+---------+---------+-------
